 Dungeon Crawl Stone Soup version 0.31.0-12-g77e489cdc1 (webtiles) character file.

Game seed: 5907849453081141131

52 Couri the Caller (level 3, -1/19 HPs)
             Began as a Tengu Summoner on Feb 12, 2024.
             Incinerated by a bombardier beetle (6 damage)
             ... with a burning spray
             ... on level 3 of the Dungeon.
             The game lasted 00:08:22 (2239 turns).

Couri the Caller (Tengu Summoner)                   Turns: 2239, Time: 00:08:26

Health: -1/19      AC:  4    Str:  8    XL:     3   Next: 85%
Magic:  7/7        EV: 12    Int: 17    God:
Gold:   82         SH:  0    Dex: 14    Spells: 3/7 levels left

rFire   . . .        j - +0 spear
rCold   . . .        (no shield)
rNeg    . . .        f - +2 robe {Will+}
rPois   .            (helmet restricted)
rElec   .            k - scarf {repulsion}
rCorr   .            (no gloves)
SInv    .            (boots unavailable)
Will    +....        (no amulet)
Stlth   +            (no ring)
HPRegen 0.23/turn    (no ring)
MPRegen 0.10/turn

%: repel missiles, acrobat
@: on fire, glowing, inugami summoned
A: beak, talons 3, acrobatic
a: no special abilities


You were on level 3 of the Dungeon.
You visited 1 branch of the dungeon, and saw 3 of its levels.

You collected 82 gold pieces.

Inventory:

Hand Weapons
 h - a +0 mace
 j - a +0 spear (weapon)
Missiles
 e - 2 darts of dispersal
 r - 4 boomerangs
Armour
 a - a +0 robe
 f - a +2 robe of willpower (worn)
 k - a scarf of repulsion (worn)
Jewellery
 d - a ring of wizardry
Scrolls
 l - a scroll of revelation {unknown}
 m - a scroll of fear {unknown}
 o - a scroll of immolation {unknown}
 p - a scroll of teleportation {unknown}
 s - a scroll of silence {unknown}
 t - a scroll of identify {unknown}
Potions
 b - a potion of magic
 c - a potion of berserk rage {unknown}
 g - 3 potions of enlightenment {unknown}
 i - a potion of degeneration {unknown}
 n - 4 potions of curing {unknown}
 q - a potion of cancellation {unknown}


   Skills:
 - Level 2.2 Dodging
 - Level 2.0 Stealth
 + Level 2.6 Spellcasting
 * Level 5.8 Summonings
 + Level 0.7 Fire Magic


You had 3 spell levels left.
You knew the following spells:

 Your Spells              Type           Power      Damage    Failure   Level
a - Summon Small Mammal   Summ           88%        N/A       1%          1
b - Call Canine Familiar  Summ           22%        N/A       4%          3

Your spell library contained the following spells:

 Spells                   Type           Power      Damage    Failure   Level
 Call Imp                 Summ           44%        N/A       2%          2
 Ozocubu's Armour         Ice            2%         N/A       50%         3
 Summon Blazeheart Golem  Fire/Summ      13%        N/A       43%         4
 Summon Lightning Spire   Summ/Air       12%        N/A       47%         4
 Metabolic Englaciation   Hex/Ice        1%         N/A       99%         5
 Sculpt Simulacrum        Ice/Alch       1%         N/A       100%        6


Dungeon Overview and Level Annotations

Branches:
Dungeon (3/15)

Altars:

Annotations:
D:2 1 runed translucent door, Crazy Yiuf


Innate Abilities, Weirdness & Mutations

You have a beak for a mouth.
You have claws for feet.
You can magically evade attacks while moving or waiting.


Message History

Your inugami is caught in a web!
Your inugami tears the web.
You could not reach far enough!
The ribbon worm closely misses your inugami.
Your inugami hits the ribbon worm.
You could not reach far enough!
The ribbon worm misses your inugami.
Your inugami hits the ribbon worm!
The ribbon worm dies!
No target in view!
You start resting.
HP restored.
Found a ring mail.
Found a stone staircase leading down.
A bombardier beetle comes into view.
Found a stone staircase leading down and a stone staircase leading up.
The bombardier beetle sprays incendiary fluid at you.
The burning spray hits you.
You are covered in liquid fire!
You shake off some of the fire as you move.
The liquid fire burns you!
Your inugami hits the bombardier beetle.
The bombardier beetle closely misses your inugami.
You reach to attack!
You hit the bombardier beetle.
The bombardier beetle is lightly wounded.
The liquid fire burns you!
Your inugami hits the bombardier beetle but does no damage.
You could not reach far enough!
The liquid fire burns you!
* * * LOW HITPOINT WARNING * * *
Your inugami hits the bombardier beetle but does no damage.
The bombardier beetle barely misses your inugami.
You are too injured to fight recklessly!
You are too injured to fight recklessly!
You are too injured to fight recklessly!
Reach: j) +0 spear
Press: ? - help, Dir - move target, f/p - bombardier beetle
Aim: a bombardier beetle (lightly wounded, ally target, about 29% to evade your +0 spear)
You reach to attack!
You hit the bombardier beetle.
The bombardier beetle is moderately wounded.
The liquid fire burns you!
You die...

..# .. ..# #. #.# #..
#.# #∩. #.# #...#B#
#∩.∩#h#####..#
#....@.......#
##############......>..
#[.............#####.##
###.############>#
........... #.#
###.####### #.# .####
#.# ..## #.# ..... ..#


You could see a bombardier beetle (ally target) and a friendly inugami
(summoned).

Vanquished Creatures
  An adder (D:3)
  2 dart slugs
  3 ball pythons (D:1)
  A bat (D:1)
  A hobgoblin (D:1)
  2 kobolds (D:1)
  A quokka (D:1)
  4 frilled lizards
  A rat (D:2)
16 creatures vanquished.

Vanquished Creatures (collateral kills)
  3 ribbon worms
  2 endoplasms (D:2)
  A giant cockroach (D:1)
  2 hobgoblins (D:1)
  A kobold (D:2)
  3 ball pythons
  A bat (D:2)
  A rat (D:2)
14 creatures vanquished.

Grand Total: 30 creatures vanquished

Notes
Turn   | Place    | Note
-------+----------+-------------------------------------------
     0 | D:1      | Couri the Tengu Summoner began the quest for the Orb.
     0 | D:1      | Reached XP level 1. HP: 10/10 MP: 4/4
   174 | D:1      | Reached skill level 5 in Summonings
   206 | D:1      | Reached XP level 2. HP: 15/15 MP: 4/6
  1049 | D:2      | Reached XP level 3. HP: 19/19 MP: 7/7
  1107 | D:2      | Learned a level 3 spell: Call Canine Familiar
  1386 | D:2      | Found a runed translucent door.
  1387 | D:2      | Noticed Crazy Yiuf
  1612 | D:2      | Found a faded altar of an unknown god.
  2239 | D:3      | Incinerated by a bombardier beetle

Illustrated notes

Levels and vault maps discovered:
D:1:      minmay_arrival_radiant_lines, layout_basic
D:2:      layout_loops_cross, shapermc_ecumenical_altar_notcrosses,
          uniq_crazy_yiuf_cottage
D:3:      layout_loops_ring, lemuel_doored_altar, serial_shops,
          nicolae_shop_competitors_out_of_business

Skill      XL: |  1 |
---------------+----+-----
Summonings     | 5 |  5.8
Dodging        | |  2.2
Stealth        | |  2.0
Spellcasting   | |  2.6
Fire Magic     | |  0.7

Action                     || total
---------------------------++-------
  Melee: Unarmed           ||    46
         Kick              ||    15
         Peck              ||    11
         Spear             ||    39
   Cast: Summon Small Mamm ||    10
         Call Canine Famil ||     8
   Stab: Sleeping          ||     3
 Armour: Robe              ||    33
  Dodge: Dodged            ||    65
         Repelled          ||     1
